Map: Frozen Temple

Players

Fmtc

  • Race: Zerg Zerg
  • League: Master

Miszu - Winner!

  • Race: Terran Terran
  • League: Master

VOD

Have the link to the VOD?

Description

Time

  • Played on: March 28, 2016, 3:56 p.m.
  • Length: 8:36
Show
View Real Time Build Order
Export as new Build Order

Fmtc Zerg 

Build Orders: Hatch First 

Get SALT Encoding   

  12  0:00  Drone  
  13  0:13  Overlord  
  13  0:18  Drone  
  14  0:23  Extractor, Drone  
  15  0:31  Drone  
  15  0:35  Drone  
  17  0:55  Drone, Hatchery  
  17  0:59  Drone  
  17  1:03  Extractor  
  17  1:07  Drone  
  18  1:21  Spawning Pool  
  18  1:22  Drone  
  18  1:28  Drone  
  19  1:38  Overlord  
  19  1:54  Drone  
  20  2:08  Zergling x2, Queen  
  22  2:09  Metabolic Boost, Zergling x2  
  22  2:11  Queen  
  26  2:15  Zergling x2  
  26  2:19  Drone  
  28  2:24  Drone  
  28  2:29  Extractor  
  28  2:41  Drone x2  
  28  2:42  Zergling x2  
  28  2:44  Queen  
  31  2:47  Queen  
  35  2:52  Overlord  
  35  3:03  Zergling x2  
  35  3:10  Zergling x2  
  36  3:14  Zergling x6  
  36  3:17  Roach Warren  
  36  3:19  Zergling x6  
  39  3:27  Zergling x8  
  39  3:39  Zergling x4  
  38  3:46  Zergling x2  
  37  3:54  Zergling x4  
  36  3:56  Queen  
  36  3:57  Overlord  
  36  3:59  Zergling x4  
  39  4:03  Zergling x2  
  39  4:10  Zergling x6  
  37  4:19  Zergling x4  
  37  4:21  Queen  
  37  4:22  Roach  
  42  4:25  Zergling x4  
  42  4:29  Zergling x2  
  44  4:33  Zergling x2  
  44  4:36  Zergling x2  
  44  4:44  Zergling x2  
  43  4:49  Zergling x2  
  44  4:54  Ravager  
  44  4:55  Drone x4  
  49  5:06  Roach  
  52  5:07  Zergling x2  
  52  5:15  Drone, Hatchery  
  52  5:27  Overlord x2  
  51  5:44  Overlord, Queen  
  53  5:51  Ravager  
  55  5:57  Drone x6  
  55  6:02  Drone x2  
  48  6:26  Extractor, Drone x2  
  48  6:27  Drone, Evolution Chamber  
  48  6:28  Queen  
  48  6:29  Zergling x2, Evolution Chamber  
  48  6:30  Zergling x14  
  58  6:47  Baneling Nest, Drone x3  
  60  6:53  Zergling x6  
  61  7:02  Zergling x2  
  61  7:03  Zergling x12  
  66  7:14  Roach x2  
  66  7:15  Roach  
  72  7:23  Zergling x2  
  72  7:24  Zergling x2  
  72  7:26  Overlord x3  
  74  7:32  Overlord x2  
  74  7:35  Overlord  
  71  7:41  Zergling x2  
  71  7:42  Ravager  
  71  7:44  Baneling  
  63  7:47  Zergling x2  
  63  7:48  Zergling x6  
  63  7:49  Roach  
  69  7:53  Zergling x2  
  69  7:57  Zergling x4  
  71  7:59  Zergling x2  
  71  8:00  Zergling x2  
  50  8:12  Zergling x2  
  50  8:13  Zergling x4  
Show
View Real Time Build Order
Export as new Build Order

Miszu Terran - Winner!

Build Orders: MMM Bio 

Get SALT Encoding   

  12  0:00  SCV  
  13  0:13  SCV  
  14  0:18  Supply Depot  
  14  0:25  SCV  
  15  0:39  SCV  
  15  0:41  Barracks  
  16  0:47  Refinery  
  16  0:52  SCV  
  17  1:01  Barracks  
  17  1:05  SCV  
  18  1:15  Barracks  
  18  1:20  SCV  
  19  1:31  Reaper  
  20  1:33  Refinery  
  20  1:44  Orbital Command  
  20  1:48  Reaper  
  21  1:56  Supply Depot  
  21  2:04  Reaper  
  22  2:10  SCV  
  23  2:18  Reaper  
  23  2:20  Supply Depot  
  23  2:22  SCV  
  25  2:26  Reaper  
  26  2:37  Reaper  
  26  2:43  SCV  
  28  2:50  Reaper  
  29  2:55  SCV  
  29  2:58  Reaper  
  31  3:09  Reaper  
  31  3:10  SCV  
  33  3:22  Reaper, Command Center, SCV  
  36  3:34  SCV  
  37  3:41  Reaper  
  37  3:47  SCV  
  39  3:58  Supply Depot  
  39  4:19  SCV  
  39  4:20  Barracks Reactor  
  39  4:21  Barracks Tech Lab  
  40  4:24  Command Center  
  40  4:31  Barracks Tech Lab  
  39  4:32  SCV  
  39  4:34  Orbital Command  
  40  4:44  SCV  
  39  4:46  Marine  
  40  4:55  Marine  
  40  4:56  Stimpack, Combat Shields, SCV  
  40  4:57  Marine  
  40  4:58  Marine  
  40  4:59  SCV  
  45  5:04  Factory, Marine  
  46  5:08  SCV  
  46  5:09  Bunker  
  46  5:11  SCV  
  46  5:12  Marine  
  49  5:15  Marine  
  49  5:16  Marine  
  49  5:17  Supply Depot  
  49  5:20  SCV  
  52  5:22  Marine  
  52  5:25  SCV  
  54  5:30  Marine  
  54  5:33  Marine  
  56  5:36  Orbital Command  
  56  5:38  SCV  
  56  5:39  SCV  
  58  5:48  Marine  
  58  5:49  Starport  
  59  5:50  SCV, Factory Reactor  
  59  5:53  Factory Tech Lab  
  59  5:55  Marine x3  
  63  6:00  Bunker  
  63  6:06  Marine  
  56  6:13  Marine x3  
  55  6:24  Marine  
  53  6:25  Siege Tank  
  53  6:26  Medivac  
  53  6:27  SCV x2  
  53  6:30  Marine, SCV  
  53  6:31  Marine x2  
  64  6:39  SCV  
  65  6:41  SCV  
  65  6:42  Marine  
  65  6:46  Orbital Command  
  68  6:47  Supply Depot  
  68  6:51  SCV  
  68  6:54  SCV  
  69  6:57  Engineering Bay x2  
  69  6:58  Refinery  
  69  7:02  Medivac  
  69  7:03  SCV  
  69  7:06  SCV  
  73  7:09  Factory Reactor  
  73  7:11  SCV  
  73  7:13  Marine x2  
  73  7:14  Marine x2  
  78  7:15  SCV  
  78  7:18  SCV  
  78  7:22  Refinery  
  80  7:23  Supply Depot, SCV  
  80  7:27  SCV  
  81  7:31  Marine x2  
  81  7:35  Marine  
  83  7:42  Marine  
  81  7:48  Marine, SCV x2  
  81  7:49  Marine  
  81  7:51  SCV  
  86  7:53  Marine  
  86  7:59  Marine  
  86  8:00  SCV x2  
  86  8:03  SCV  
  86  8:06  Marine  
  86  8:07  Marine  
  86  8:12  Marine  
  88  8:13  SCV x2  
  88  8:15  SCV  
  88  8:17  Marine  
Tags
 
Composition
MMM Bio
Matchup
TvZ
Add a new tag
Caveats
  • Supply blocks, unpowered buildings, or Contaminate may cause inaccurate times.
  • Supply counts are checked every 10 seconds.